Punishers vs Sewer Rats
(R1)
Created - November 24, 2018 at 19:47
Goals
|
| Punishers |
2 |
0 |
1 |
0 |
0 |
3 |
| Sewer Rats |
1 |
1 |
1 |
0 |
1 |
4 |
|
Shots
|
| Punishers |
10 |
1 |
14 |
1 |
3 |
26 |
| Sewer Rats |
8 |
5 |
15 |
2 |
2 |
30 |
|
1st period
1. Sewer Rats , Jonathan Marchessault 8 (Jonathan Huberdeau 10) at 4:59
2. Punishers , Mattias Tedenby 15 (Zack Hamill 21) at 12:00 (PP)
3. Punishers , Garret Ross 7 (Miikka Salomaki 8, Madison Bowey 4) at 15:27
Penalties :
David Laliberté (Pro) for Hooking (Minor) at 2:56, Dmitrij Jaskin (Tol) for Hooking (Minor) at 7:41, Joel Edmundson (Tol) for Hooking (Minor) at 11:58, Jarred Tinordi (Tol) for Slashing (Minor) at 12:11, Joel Edmundson (Tol) for Goalie Interference (Minor) at 16:47, Garret Ross (Pro) for Hooking (Minor) at 19:58
2nd period
4. Sewer Rats , Daniel Carr 6 (Martin Frk 6, Jarred Tinordi 4) at 2:24
Penalties :
Garret Ross (Pro) for Roughing (Minor) at 4:30, Colton Gillies (Pro) for Slashing (Double Minor) at 10:43, Jarred Tinordi (Tol) for Tripping (Minor) at 19:57
3rd period
5. Punishers , Adam Pelech 1 (Zack Hamill 22, Colton Gillies 8) at 4:05 (PP)
6. Sewer Rats , Dmitrij Jaskin 6 (Nick Cousins 3) at 7:04
Penalties :
Jonathan Huberdeau (Tol) for Tripping (Minor) at 3:51, Ville Leino (Tol) for Hooking (Minor) at 4:28, Colton Gillies (Pro) for Slashing (Minor) at 13:00
Overtime #1
No Goal
Penalties :
No Penalty
Shootout
Penalty Shot by Mattias Tedenby for Punishers - Stopped by Marek Mazanek
Penalty Shot by Ville Leino for Sewer Rats - Goal!
Penalty Shot by Boone Jenner for Punishers - Stopped by Marek Mazanek
Penalty Shot by Kyle Turris for Sewer Rats - Shot Misses the Net
Penalty Shot by Zack Hamill for Punishers - Shot Misses the Net
Penalties :
No Penalty
Goalie Stats
Kristers Gudlevskis (Pro), 27 saves from 30 shots - (0.900), OTL, 3-8-1, 65:00 minutes
Marek Mazanek (Tol), 23 saves from 26 shots - (0.885), W, 13-3-1, 65:00 minutes
Players Stats for Punishers
Player Name G A P +/- PIM S H SB GA TA FO MP PP MP PK MP
------------------------------------------------------------------------------------
Adam Pelech 1 0 1 -1 0 2 2 1 0 1 0/0 28:55 6:47 5:20
Boone Jenner 0 0 0 -1 0 2 2 0 1 0 7/15 15:02 3:46 0:26
Carter Ashton 0 0 0 -1 0 0 0 1 0 0 0/0 9:33 0:00 5:58
Colton Gillies 0 1 1 0 6 1 2 0 0 1 4/6 21:32 6:25 2:55
David Laliberté 0 0 0 0 2 0 1 0 1 0 1/3 19:02 3:46 2:06
Dylan DeMelo 0 0 0 -1 0 0 0 0 0 0 0/0 9:43 0:00 0:28
Garret Ross 1 0 1 0 4 3 1 1 1 0 0/0 14:54 0:12 1:41
Jordan Schmaltz 0 0 0 0 0 1 0 2 0 1 0/0 22:35 3:24 4:24
Madison Bowey 0 1 1 0 0 1 1 0 1 1 0/0 21:19 0:00 5:41
Mark Jankowski 0 0 0 0 0 3 0 1 0 0 4/5 11:31 0:00 1:40
Mattias Tedenby 1 0 1 -1 0 4 2 0 1 1 0/1 19:29 6:12 0:00
Miikka Salomaki 0 1 1 0 0 4 1 0 0 0 1/1 16:00 0:13 2:58
Patrick Wiercioch 0 0 0 -1 0 0 3 0 0 0 0/0 14:49 3:24 0:00
Radek Faksa 0 0 0 -1 0 0 0 0 1 0 4/8 10:23 0:00 4:48
Stefan Elliott 0 0 0 0 0 3 0 3 1 1 0/0 27:55 6:47 7:03
Trevor Van Riemsdyk 0 0 0 -1 0 0 0 1 0 0 0/0 4:44 0:00 0:54
Tyler Bertuzzi 0 0 0 -2 0 0 4 0 0 1 0/0 20:08 3:34 1:18
Zack Hamill 0 2 2 0 0 2 2 0 1 0 7/23 20:26 6:25 0:00
Players Stats for Sewer Rats
Player Name G A P +/- PIM S H SB GA TA FO MP PP MP PK MP
------------------------------------------------------------------------------------
Anthony Duclair 0 0 0 1 0 0 1 0 0 0 0/1 9:39 0:23 0:00
Connor Carrick 0 0 0 0 0 0 0 0 0 0 0/0 6:08 0:43 0:13
Daniel Carr 1 0 1 1 0 1 1 0 0 0 0/0 11:04 0:58 0:00
Dmitrij Jaskin 1 0 1 1 2 2 0 1 0 0 0/0 10:09 0:51 0:00
Erik Condra 0 0 0 0 0 1 2 0 0 0 0/1 17:26 4:10 2:43
Jarred Tinordi 0 1 1 2 4 0 0 0 1 0 0/0 20:42 5:22 2:24
Joel Edmundson 0 0 0 2 4 0 2 2 0 0 0/0 21:12 5:22 2:49
John Ramage 0 0 0 0 0 0 0 0 0 0 0/0 10:06 0:43 0:00
Jonathan Huberdeau 0 1 1 0 2 4 2 0 0 1 0/0 15:53 4:07 1:14
Jonathan Marchessault 1 0 1 0 0 2 2 0 0 0 8/10 13:30 4:07 0:00
Kyle Turris 0 0 0 0 0 1 2 1 1 0 5/17 24:46 6:44 6:14
Mark Mancari 0 0 0 0 0 6 0 0 0 0 3/5 19:50 6:36 2:43
Martin Frk 0 1 1 1 0 2 1 0 0 0 3/3 11:45 0:00 1:53
Matt Lashoff 0 0 0 0 0 3 0 0 3 4 0/0 27:47 5:50 6:27
Nick Cousins 0 1 1 1 0 2 0 0 0 0 1/3 9:16 0:00 0:00
Ryan Murphy 0 0 0 0 0 0 1 0 0 0 0/0 11:25 0:00 2:02
Steven Kampfer 0 0 0 0 0 0 2 2 0 1 0/0 27:47 5:50 6:27
Ville Leino 0 0 0 0 2 4 2 0 2 2 12/17 24:01 6:52 5:01
William Karlsson 0 0 0 1 0 2 0 0 0 0 2/5 12:18 0:57 0:34
Xavier Ouellet 0 0 0 0 0 0 0 0 0 0 0/0 4:58 0:00 0:00
3 Stars
1 - Daniel Carr (Tol)
2 - Jonathan Marchessault (Tol)
3 - Zack Hamill (Pro)
Power Play
Punishers - 2 on 7 Attempt(s) - 28.57%
Sewer Rats - 0 on 6 Attempt(s) - 0.00%
Penalty Kill
Punishers - 6 on 6 Attempt(s) - 100.00%
- Score 0 goal in Penalty Kill
Sewer Rats - 5 on 7 Attempt(s) - 71.43%
- Score 0 goal in Penalty Kill
Team Stat
Punishers - Hits : 21 - Faceoff Wins : 28 - Blocked Shots : 10 - Penalty Minutes : 12
Sewer Rats - Hits : 18 - Faceoff Wins : 34 - Blocked Shots : 6 - Penalty Minutes : 14
Official
Referees : Unknown
Linesman : Unknown
Game Notes
No Game Note
Finance
Level 1 -- Attendance: 1405 (70.25%) -- Ticket Income $49,175
Level 2 -- Attendance: 710 (71.00%) -- Ticket Income $12,070
Total Attendance: 2115 (70.50%)
Total Ticket Income: $61,245
Other Income: $3,062
Total Income: $64,307
Punishers
5 vs 5 Forward
Center Left Wing Right Wing Time % Phy DF OF
1 Boone Jenner Tyler Bertuzzi Mattias Tedenby 40 0 2 3
2 Zack Hamill Colton Gillies David Laliberté 30 0 2 3
3 Mark Jankowski Garret Ross Miikka Salomaki 20 0 2 3
4 Radek Faksa Tyler Bertuzzi Carter Ashton 10 0 2 3
5 vs 5 Defense
Defense Defense Time % Phy DF OF
1 Stefan Elliott Adam Pelech 40 0 3 2
2 Madison Bowey Jordan Schmaltz 30 0 3 2
3 Patrick Wiercioch Dylan DeMelo 20 0 3 2
4 Trevor Van Riemsdyk Madison Bowey 10 0 3 2
PowerPlay Forward
Center Left Wing Right Wing Time % Phy DF OF
1 Zack Hamill Colton Gillies Mattias Tedenby 60 0 1 4
2 Boone Jenner Tyler Bertuzzi David Laliberté 40 0 2 3
PowerPlay Defense
Defense Defense Time % Phy DF OF
1 Stefan Elliott Adam Pelech 60 0 2 3
2 Jordan Schmaltz Patrick Wiercioch 40 0 2 3
Penalty Kill 4 Players Forward
Center Wing Time % Phy DF OF
1 Colton Gillies Carter Ashton 60 0 4 1
2 David Laliberté Miikka Salomaki 40 0 4 1
Penalty Kill 4 Players Defense
Defense Defense Time % Phy DF OF
1 Madison Bowey Stefan Elliott 60 0 4 1
2 Jordan Schmaltz Adam Pelech 40 0 4 1
Penalty Kill - 3 Players Forward
Forward Time % Phy DF OF
1 Colton Gillies 60 0 4 1
2 Carter Ashton 40 0 5 0
Penalty Kill - 3 Players Defense
Defense Defense Time % Phy DF OF
1 Madison Bowey Stefan Elliott 60 0 5 0
2 Jordan Schmaltz Adam Pelech 40 0 5 0
4 vs 4 Forward
Center Wing Time % Phy DF OF
1 Zack Hamill Mattias Tedenby 60 0 2 3
2 David Laliberté Miikka Salomaki 40 0 2 3
4 vs 4 Defense
Defense Defense Time % Phy DF OF
1 Jordan Schmaltz Adam Pelech 60 0 3 2
2 Madison Bowey Patrick Wiercioch 40 0 3 2
Last Minutes Offensive
Center Left Wing Right Wing Defense Defense
Zack Hamill Colton Gillies Mattias Tedenby Stefan Elliott Jordan Schmaltz
Last Minutes Defensive
Center Left Wing Right Wing Defense Defense
Zack Hamill Colton Gillies Carter Ashton Madison Bowey Stefan Elliott
Goaltenders
Starting : Kristers Gudlevskis
Backup : Louis Domingue
Extra Forwards
Normal : Miikka Salomaki, Tyler Bertuzzi, Mattias Tedenby - PP : Tyler Bertuzzi, Mattias Tedenby - PK : Carter Ashton
Extra Defensemen
Normal : Madison Bowey, Jordan Schmaltz, Adam Pelech - PP : Madison Bowey - PK : Adam Pelech, Madison Bowey
Penalty Shots
Mattias Tedenby, Boone Jenner, Zack Hamill, David Laliberté, Colton Gillies
Scratches
Michael Joly (Healthy), Dan Bertram (Healthy), John Macfarland (Healthy), Daniel Altshuller (Healthy)
Sewer Rats
5 vs 5 Forward
Center Left Wing Right Wing Time % Phy DF OF
1 Kyle Turris Ville Leino Mark Mancari 35 1 2 2
2 Jonathan Marchessault Jonathan Huberdeau Erik Condra 35 1 2 2
3 William Karlsson Daniel Carr Martin Frk 20 1 2 2
4 Nick Cousins Anthony Duclair Dmitrij Jaskin 10 1 2 2
5 vs 5 Defense
Defense Defense Time % Phy DF OF
1 Matt Lashoff Steven Kampfer 40 1 2 2
2 Jarred Tinordi Joel Edmundson 30 1 2 2
3 John Ramage Ryan Murphy 20 1 2 2
4 Connor Carrick Xavier Ouellet 10 1 2 2
PowerPlay Forward
Center Left Wing Right Wing Time % Phy DF OF
1 Kyle Turris Ville Leino Mark Mancari 60 1 2 2
2 Jonathan Marchessault Jonathan Huberdeau Erik Condra 40 1 2 2
PowerPlay Defense
Defense Defense Time % Phy DF OF
1 Matt Lashoff Steven Kampfer 60 1 2 2
2 Jarred Tinordi Joel Edmundson 40 1 2 2
Penalty Kill 4 Players Forward
Center Wing Time % Phy DF OF
1 Ville Leino Kyle Turris 60 1 2 2
2 Mark Mancari Erik Condra 40 1 2 2
Penalty Kill 4 Players Defense
Defense Defense Time % Phy DF OF
1 Matt Lashoff Steven Kampfer 60 1 2 2
2 Jarred Tinordi Joel Edmundson 40 1 2 2
Penalty Kill - 3 Players Forward
Forward Time % Phy DF OF
1 Ville Leino 60 1 2 2
2 Kyle Turris 40 1 2 2
Penalty Kill - 3 Players Defense
Defense Defense Time % Phy DF OF
1 Matt Lashoff Steven Kampfer 60 1 2 2
2 Jarred Tinordi Joel Edmundson 40 1 2 2
4 vs 4 Forward
Center Wing Time % Phy DF OF
1 Ville Leino Kyle Turris 60 1 2 2
2 Mark Mancari Erik Condra 40 1 2 2
4 vs 4 Defense
Defense Defense Time % Phy DF OF
1 Matt Lashoff Steven Kampfer 60 1 2 2
2 Jarred Tinordi Joel Edmundson 40 1 2 2
Last Minutes Offensive
Center Left Wing Right Wing Defense Defense
Kyle Turris Ville Leino Mark Mancari Matt Lashoff Steven Kampfer
Last Minutes Defensive
Center Left Wing Right Wing Defense Defense
Kyle Turris Ville Leino Mark Mancari Matt Lashoff Steven Kampfer
Goaltenders
Starting : Marek Mazanek
Backup : Sergei Kostenko
Extra Forwards
Normal : Daniel Carr, William Karlsson, Martin Frk - PP : Daniel Carr, William Karlsson - PK : Martin Frk
Extra Defensemen
Normal : John Ramage, Ryan Murphy, Connor Carrick - PP : John Ramage - PK : Ryan Murphy, Connor Carrick
Penalty Shots
Ville Leino, Kyle Turris, Mark Mancari, Erik Condra, Jonathan Huberdeau
Scratches
Vincent Trocheck (Right Wrist Injury), Dominik Kubalik (Healthy), Mattias Ekholm (Left Hand Injury), Josh Archibald (Healthy), Jonathan Racine (Healthy)
Joseph Blandisi (Healthy), Tyler Motte (Healthy), Chris Calhan (Healthy), Antoine Bibeau (Healthy)
% Time on Ice - Punishers
Lines # - Real PCT - Wanted PCT - Time Play
Normal Forward
1 - 32% - 40% - 12:01
2 - 34% - 30% - 12:49
3 - 26% - 20% - 9:44
4 - 9% - 10% - 3:20
Normal Defense
1 - 36% - 40% - 13:34
2 - 32% - 30% - 12:16
3 - 24% - 20% - 9:05
4 - 8% - 10% - 2:59
PP Forward
1 - 63% - 60% - 6:25
2 - 37% - 40% - 3:46
PP Defense
1 - 67% - 60% - 6:47
2 - 33% - 40% - 3:24
PK Forward
1 - 75% - 60% - 8:57
2 - 25% - 40% - 2:58
PK Defense
1 - 63% - 60% - 7:31
2 - 37% - 40% - 4:24
PK3 Forward
1 - 0% - 60%
2 - 0% - 40%
PK3 Defense
1 - 0% - 60%
2 - 0% - 40%
44 Forward
1 - 83% - 60% - 4:10
2 - 17% - 40% - 0:50
44 Defense
1 - 64% - 60% - 3:12
2 - 36% - 40% - 1:48
Last Minute Offensive - 0:00
Last Minute Defensive - 0:00
Total
Forward - 65:00
Defense - 65:00
|
% Time on Ice - Sewer Rats
Lines # - Real PCT - Wanted PCT - Time Play
Normal Forward
1 - 27% - 35% - 10:24
2 - 25% - 35% - 9:30
3 - 23% - 20% - 8:44
4 - 24% - 10% - 9:16
Normal Defense
1 - 34% - 40% - 12:57
2 - 30% - 30% - 11:27
3 - 23% - 20% - 8:32
4 - 13% - 10% - 4:58
PP Forward
1 - 64% - 60% - 7:35
2 - 36% - 40% - 4:20
PP Defense
1 - 55% - 60% - 6:33
2 - 45% - 40% - 5:22
PK Forward
1 - 73% - 60% - 7:28
2 - 27% - 40% - 2:43
PK Defense
1 - 63% - 60% - 6:27
2 - 37% - 40% - 3:44
PK3 Forward
1 - 0% - 60%
2 - 0% - 40%
PK3 Defense
1 - 0% - 60%
2 - 0% - 40%
44 Forward
1 - 79% - 60% - 3:57
2 - 21% - 40% - 1:03
44 Defense
1 - 68% - 60% - 3:24
2 - 32% - 40% - 1:36
Last Minute Offensive - 0:00
Last Minute Defensive - 0:00
Total
Forward - 65:00
Defense - 65:00
|
Play by Play
1st period
0:01 of 1st period - Boone Jenner wins face-off versus Kyle Turris in neutral zone.
0:08 of 1st period - Snap shot by Ville Leino.
0:08 of 1st period - Stopped by Kristers Gudlevskis with a rebound.
0:16 of 1st period - Slapshot by Mark Mancari.
0:16 of 1st period - Stopped by Kristers Gudlevskis without a rebound.
0:17 of 1st period - Jonathan Marchessault wins face-off versus David Laliberté in Punishers zone.
0:28 of 1st period - Snap shot by Jonathan Huberdeau.
0:28 of 1st period - Shot Misses the Net.
1:31 of 1st period - Wrist shot by Ville Leino.
1:31 of 1st period - Shot Misses the Net.
2:04 of 1st period - Wrist shot by Matt Lashoff.
2:04 of 1st period - Shot Misses the Net.
2:56 of 1st period - Minor Penalty to David Laliberté for Hooking.
2:57 of 1st period - Colton Gillies wins face-off versus Kyle Turris in Punishers zone.
3:04 of 1st period - Snap shot by Colton Gillies.
3:04 of 1st period - Stopped by Marek Mazanek without a rebound.
3:05 of 1st period - Colton Gillies wins face-off versus Kyle Turris in Sewer Rats zone.
3:22 of 1st period - Adam Pelech is hit by Ville Leino and loses puck.
3:33 of 1st period - Wrist shot by Kyle Turris.
3:33 of 1st period - Shot Misses the Net.
3:35 of 1st period - Slapshot by Mark Mancari.
3:35 of 1st period - Shot Blocked by Stefan Elliott.
3:37 of 1st period - Slapshot by Kyle Turris.
3:37 of 1st period - Shot Misses the Net.
3:39 of 1st period - Wrist shot by Ville Leino.
3:39 of 1st period - Stopped by Kristers Gudlevskis with a rebound.
4:53 of 1st period - Backhand shot by Mark Mancari.
4:53 of 1st period - Shot Misses the Net.
4:55 of 1st period - Snap shot by Mark Mancari.
4:55 of 1st period - Stopped by Kristers Gudlevskis without a rebound.
4:56 of 1st period - Penalty to David Laliberté is over, David Laliberté is back on ice.
4:56 of 1st period - Jonathan Marchessault wins face-off versus Boone Jenner in Punishers zone.
4:57 of 1st period - Wrist shot by Jonathan Huberdeau.
4:57 of 1st period - Shot Misses the Net.
4:59 of 1st period - Wrist shot by Jonathan Marchessault.
4:59 of 1st period - Goal by Jonathan Marchessault - Punishers : 0 - Sewer Rats : 1.
5:00 of 1st period - Jonathan Marchessault wins face-off versus Boone Jenner in neutral zone.
5:03 of 1st period - Adam Pelech is hit by Jonathan Huberdeau and loses puck.
5:10 of 1st period - Wrist shot by Jonathan Huberdeau.
5:10 of 1st period - Deflect By Stefan Elliott.
5:10 of 1st period - Stopped by Kristers Gudlevskis without a rebound.
5:11 of 1st period - Jonathan Marchessault wins face-off versus Boone Jenner in Punishers zone.
6:51 of 1st period - Zack Hamill is hit by Joel Edmundson.
7:16 of 1st period - Off-side.
7:17 of 1st period - Mark Jankowski wins face-off versus Nick Cousins in neutral zone.
7:34 of 1st period - Adam Pelech is hit by Steven Kampfer.
7:41 of 1st period - Minor Penalty to Dmitrij Jaskin for Hooking.
7:42 of 1st period - Ville Leino wins face-off versus Zack Hamill in Sewer Rats zone.
7:49 of 1st period - Off-side.
7:50 of 1st period - Ville Leino wins face-off versus Zack Hamill in neutral zone.
7:53 of 1st period - Stefan Elliott is hit by Kyle Turris and loses puck.
8:25 of 1st period - Icing by Stefan Elliott.
8:26 of 1st period - Mark Mancari wins face-off versus Boone Jenner in Punishers zone.
8:27 of 1st period - Backhand shot by Erik Condra.
8:27 of 1st period - Stopped by Kristers Gudlevskis without a rebound.
8:28 of 1st period - Mark Mancari wins face-off versus Boone Jenner in Punishers zone.
8:41 of 1st period - Joel Edmundson is hit by Tyler Bertuzzi and loses puck.
9:00 of 1st period - Ville Leino is hit by Mattias Tedenby and loses puck.
9:19 of 1st period - Kyle Turris is hit by David Laliberté.
9:41 of 1st period - Penalty to Dmitrij Jaskin is over, Dmitrij Jaskin is back on ice.
9:42 of 1st period - Icing by Matt Lashoff.
9:43 of 1st period - David Laliberté wins face-off versus Ville Leino in Sewer Rats zone.
10:30 of 1st period - Anthony Duclair is hit by Adam Pelech and loses puck.
10:47 of 1st period - Snap shot by Miikka Salomaki.
10:47 of 1st period - Stopped by Marek Mazanek with a rebound.
11:07 of 1st period - Jonathan Huberdeau is hit by Tyler Bertuzzi and loses puck.
11:14 of 1st period - Mattias Tedenby is hit by Erik Condra and loses puck.
11:31 of 1st period - Steven Kampfer is hit by Patrick Wiercioch and loses puck.
11:52 of 1st period - Wrist shot by Mark Jankowski.
11:52 of 1st period - Shot Misses the Net.
11:58 of 1st period - Minor Penalty to Joel Edmundson for Hooking.
11:59 of 1st period - Zack Hamill wins face-off versus Ville Leino in Sewer Rats zone.
12:00 of 1st period - Wrist shot by Mattias Tedenby.
12:00 of 1st period - Goal by Mattias Tedenby - Punishers : 1 - Sewer Rats : 1.
12:01 of 1st period - Boone Jenner wins face-off versus Kyle Turris in neutral zone.
12:11 of 1st period - Minor Penalty to Jarred Tinordi for Slashing.
12:12 of 1st period - Ville Leino wins face-off versus Zack Hamill in Sewer Rats zone.
12:30 of 1st period - Steven Kampfer is hit by Zack Hamill and loses puck.
12:49 of 1st period - Wrist shot by David Laliberté.
12:49 of 1st period - Shot Misses the Net.
12:51 of 1st period - Snap shot by Tyler Bertuzzi.
12:51 of 1st period - Shot Misses the Net.
13:28 of 1st period - Icing by Mattias Tedenby.
13:29 of 1st period - Martin Frk wins face-off versus Boone Jenner in Punishers zone.
13:37 of 1st period - Icing by David Laliberté.
13:38 of 1st period - Boone Jenner wins face-off versus Ville Leino in Punishers zone.
13:43 of 1st period - Matt Lashoff is hit by Boone Jenner and loses puck.
14:11 of 1st period - Penalty to Jarred Tinordi is over, Jarred Tinordi is back on ice.
14:14 of 1st period - Icing by Matt Lashoff.
14:15 of 1st period - Jonathan Marchessault wins face-off versus Mark Jankowski in Sewer Rats zone.
14:58 of 1st period - Slapshot by Mark Jankowski.
14:58 of 1st period - Stopped by Marek Mazanek with a rebound.
15:15 of 1st period - Slapshot by Garret Ross.
15:15 of 1st period - Shot Blocked by Steven Kampfer.
15:17 of 1st period - Slapshot by Mark Jankowski.
15:17 of 1st period - Stopped by Marek Mazanek with a rebound.
15:19 of 1st period - Snap shot by Madison Bowey.
15:19 of 1st period - Stopped by Marek Mazanek with a rebound.
15:21 of 1st period - Snap shot by Miikka Salomaki.
15:21 of 1st period - Stopped by Marek Mazanek with a rebound.
15:23 of 1st period - Snap shot by Miikka Salomaki.
15:23 of 1st period - Shot Blocked by Steven Kampfer.
15:25 of 1st period - Slapshot by Garret Ross.
15:25 of 1st period - Stopped by Marek Mazanek with a rebound.
15:27 of 1st period - Wrist shot by Garret Ross.
15:27 of 1st period - Goal by Garret Ross - Punishers : 2 - Sewer Rats : 1.
15:28 of 1st period - Boone Jenner wins face-off versus Mark Mancari in neutral zone.
15:31 of 1st period - Snap shot by Mattias Tedenby.
15:31 of 1st period - Shot Misses the Net.
16:11 of 1st period - Snap shot by Boone Jenner.
16:11 of 1st period - Shot Blocked by Dmitrij Jaskin.
16:25 of 1st period - Wrist shot by Mattias Tedenby.
16:25 of 1st period - Stopped by Marek Mazanek without a rebound.
16:26 of 1st period - Kyle Turris wins face-off versus Zack Hamill in Sewer Rats zone.
16:33 of 1st period - Backhand shot by Mark Mancari.
16:33 of 1st period - Shot Misses the Net.
16:47 of 1st period - Minor Penalty to Joel Edmundson for Goalie Interference.
16:48 of 1st period - Ville Leino wins face-off versus Zack Hamill in Sewer Rats zone.
17:39 of 1st period - Erik Condra is hit by Mattias Tedenby and loses puck.
18:47 of 1st period - Penalty to Joel Edmundson is over, Joel Edmundson is back on ice.
19:29 of 1st period - Slapshot by Martin Frk.
19:29 of 1st period - Shot Misses the Net.
19:31 of 1st period - Wrist shot by Daniel Carr.
19:31 of 1st period - Shot Blocked by Trevor Van Riemsdyk.
19:33 of 1st period - Wrist shot by William Karlsson.
19:33 of 1st period - Stopped by Kristers Gudlevskis without a rebound.
19:34 of 1st period - William Karlsson wins face-off versus Zack Hamill in Punishers zone.
19:58 of 1st period - Minor Penalty to Garret Ross for Hooking.
19:59 of 1st period - Kyle Turris wins face-off versus Colton Gillies in Punishers zone.
Goals for this period are 2 for Punishers vs 1 for Sewer Rats.
Shots for this period are 10 for Punishers vs 8 for Sewer Rats.
2nd period
0:01 of 2nd period - Colton Gillies wins face-off versus Kyle Turris in neutral zone.
1:47 of 2nd period - Snap shot by David Laliberté.
1:47 of 2nd period - Shot Misses the Net.
1:58 of 2nd period - Penalty to Garret Ross is over, Garret Ross is back on ice.
2:05 of 2nd period - Adam Pelech is hit by Kyle Turris and loses puck.
2:24 of 2nd period - Snap shot by Daniel Carr.
2:24 of 2nd period - Goal by Daniel Carr - Punishers : 2 - Sewer Rats : 2.
2:25 of 2nd period - Boone Jenner wins face-off versus William Karlsson in neutral zone.
2:44 of 2nd period - Steven Kampfer is hit by Patrick Wiercioch and loses puck.
3:07 of 2nd period - Snap shot by Mark Mancari.
3:07 of 2nd period - Stopped by Kristers Gudlevskis without a rebound.
3:08 of 2nd period - Miikka Salomaki wins face-off versus Jonathan Marchessault in Punishers zone.
3:08 of 2nd period - Miikka Salomaki is hit by Erik Condra.
3:36 of 2nd period - Backhand shot by Boone Jenner.
3:36 of 2nd period - Shot Misses the Net.
3:57 of 2nd period - Snap shot by David Laliberté.
3:57 of 2nd period - Shot Blocked by Joel Edmundson.
4:30 of 2nd period - Minor Penalty to Garret Ross for Roughing.
4:31 of 2nd period - Kyle Turris wins face-off versus Colton Gillies in Punishers zone.
6:30 of 2nd period - Penalty to Garret Ross is over, Garret Ross is back on ice.
6:46 of 2nd period - Snap shot by Dmitrij Jaskin.
6:46 of 2nd period - Shot Misses the Net.
6:48 of 2nd period - Snap shot by Nick Cousins.
6:48 of 2nd period - Stopped by Kristers Gudlevskis with a rebound.
6:50 of 2nd period - Snap shot by Nick Cousins.
6:50 of 2nd period - Shot Misses the Net.
6:52 of 2nd period - Slapshot by John Ramage.
6:52 of 2nd period - Shot Blocked by Stefan Elliott.
6:54 of 2nd period - Slapshot by Dmitrij Jaskin.
6:54 of 2nd period - Shot Blocked by Garret Ross.
7:04 of 2nd period - David Laliberté is hit by Ryan Murphy and loses puck.
7:41 of 2nd period - Steven Kampfer is hit by Colton Gillies and loses puck.
8:21 of 2nd period - Garret Ross is hit by Jonathan Marchessault and loses puck.
9:15 of 2nd period - Icing by Ryan Murphy.
9:16 of 2nd period - Mark Jankowski wins face-off versus Nick Cousins in Sewer Rats zone.
9:35 of 2nd period - Slapshot by Jonathan Huberdeau.
9:35 of 2nd period - Shot Misses the Net.
9:37 of 2nd period - Snap shot by Jonathan Marchessault.
9:37 of 2nd period - Stopped by Kristers Gudlevskis without a rebound.
9:38 of 2nd period - Zack Hamill wins face-off versus Erik Condra in Punishers zone.
10:41 of 2nd period - Wrist shot by Martin Frk.
10:41 of 2nd period - Shot Blocked by Adam Pelech.
10:43 of 2nd period - Double Minor Penalty to Colton Gillies for Slashing.
10:44 of 2nd period - Radek Faksa wins face-off versus Kyle Turris in Punishers zone.
11:31 of 2nd period - Jordan Schmaltz is hit by Jonathan Marchessault and loses puck.
12:57 of 2nd period - Snap shot by Boone Jenner.
12:57 of 2nd period - Shot Misses the Net.
13:30 of 2nd period - Wrist shot by Dmitrij Jaskin.
13:30 of 2nd period - Shot Misses the Net.
14:38 of 2nd period - Ville Leino is hit by Miikka Salomaki and loses puck.
14:43 of 2nd period - Penalty to Colton Gillies is over, Colton Gillies is back on ice.
15:03 of 2nd period - Martin Frk is hit by Colton Gillies and loses puck.
16:32 of 2nd period - Icing by Nick Cousins.
16:33 of 2nd period - Zack Hamill wins face-off versus William Karlsson in Sewer Rats zone.
16:53 of 2nd period - Off-side.
16:54 of 2nd period - Mark Jankowski wins face-off versus Kyle Turris in neutral zone.
18:07 of 2nd period - Snap shot by Miikka Salomaki.
18:07 of 2nd period - Stopped by Marek Mazanek with a rebound.
18:09 of 2nd period - Wrist shot by Garret Ross.
18:09 of 2nd period - Shot Hit the Post.
18:53 of 2nd period - Snap shot by Martin Frk.
18:53 of 2nd period - Stopped by Kristers Gudlevskis with a rebound.
19:09 of 2nd period - Connor Carrick is hit by Adam Pelech and loses puck.
19:57 of 2nd period - Minor Penalty to Jarred Tinordi for Tripping.
19:58 of 2nd period - Ville Leino wins face-off versus Zack Hamill in Sewer Rats zone.
Goals for this period are 0 for Punishers vs 1 for Sewer Rats.
Shots for this period are 1 for Punishers vs 5 for Sewer Rats.
3rd period
0:01 of 3rd period - Ville Leino wins face-off versus Zack Hamill in neutral zone.
0:06 of 3rd period - Snap shot by Ville Leino.
0:06 of 3rd period - Stopped by Kristers Gudlevskis without a rebound.
0:07 of 3rd period - Ville Leino wins face-off versus Zack Hamill in Punishers zone.
1:01 of 3rd period - Snap shot by Zack Hamill.
1:01 of 3rd period - Deflect By Ville Leino.
1:01 of 3rd period - Stopped by Marek Mazanek with a rebound.
1:03 of 3rd period - Slapshot by Adam Pelech.
1:03 of 3rd period - Stopped by Marek Mazanek with a rebound.
1:27 of 3rd period - Colton Gillies is hit by Steven Kampfer and loses puck.
1:34 of 3rd period - Zack Hamill is hit by Martin Frk and loses puck.
1:57 of 3rd period - Penalty to Jarred Tinordi is over, Jarred Tinordi is back on ice.
1:59 of 3rd period - Erik Condra is hit by Boone Jenner.
2:09 of 3rd period - Snap shot by Miikka Salomaki.
2:09 of 3rd period - Deflect By Connor Carrick.
2:09 of 3rd period - Shot Blocked by Joel Edmundson.
2:09 of 3rd period - Puck is out of play.
2:10 of 3rd period - Mark Jankowski wins face-off versus Anthony Duclair in Sewer Rats zone.
2:21 of 3rd period - Wrist shot by Miikka Salomaki.
2:21 of 3rd period - Deflect By Mark Jankowski.
2:21 of 3rd period - Stopped by Marek Mazanek without a rebound.
2:22 of 3rd period - Kyle Turris wins face-off versus Radek Faksa in Sewer Rats zone.
2:54 of 3rd period - Snap shot by Erik Condra.
2:54 of 3rd period - Shot Blocked by Mark Jankowski.
3:00 of 3rd period - Slapshot by Garret Ross.
3:00 of 3rd period - Shot Hit the Post.
3:06 of 3rd period - Wrist shot by Martin Frk.
3:06 of 3rd period - Stopped by Kristers Gudlevskis without a rebound.
3:07 of 3rd period - William Karlsson wins face-off versus Mattias Tedenby in Punishers zone.
3:28 of 3rd period - Snap shot by Kyle Turris.
3:28 of 3rd period - Stopped by Kristers Gudlevskis without a rebound.
3:29 of 3rd period - Zack Hamill wins face-off versus Kyle Turris in Punishers zone.
3:38 of 3rd period - Wrist shot by Mark Mancari.
3:38 of 3rd period - Shot Blocked by Stefan Elliott.
3:51 of 3rd period - Minor Penalty to Jonathan Huberdeau for Tripping.
3:52 of 3rd period - Zack Hamill wins face-off versus Ville Leino in Sewer Rats zone.
4:01 of 3rd period - Wrist shot by Mattias Tedenby.
4:01 of 3rd period - Deflect By Colton Gillies.
4:01 of 3rd period - Shot Misses the Net.
4:01 of 3rd period - Puck is out of play.
4:02 of 3rd period - Colton Gillies wins face-off versus Ville Leino in Sewer Rats zone.
4:03 of 3rd period - Snap shot by Zack Hamill.
4:03 of 3rd period - Shot Misses the Net.
4:05 of 3rd period - Slapshot by Adam Pelech.
4:05 of 3rd period - Goal by Adam Pelech - Punishers : 3 - Sewer Rats : 2.
4:06 of 3rd period - Boone Jenner wins face-off versus Mark Mancari in neutral zone.
4:11 of 3rd period - Slapshot by Ville Leino.
4:11 of 3rd period - Stopped by Kristers Gudlevskis without a rebound.
4:12 of 3rd period - Boone Jenner wins face-off versus Kyle Turris in Punishers zone.
4:28 of 3rd period - Minor Penalty to Ville Leino for Hooking.
4:29 of 3rd period - Zack Hamill wins face-off versus Kyle Turris in Sewer Rats zone.
4:33 of 3rd period - Snap shot by Mattias Tedenby.
4:33 of 3rd period - Stopped by Marek Mazanek without a rebound.
4:34 of 3rd period - Martin Frk wins face-off versus Zack Hamill in Sewer Rats zone.
4:45 of 3rd period - Snap shot by Zack Hamill.
4:45 of 3rd period - Shot Misses the Net.
4:47 of 3rd period - Slapshot by Stefan Elliott.
4:47 of 3rd period - Stopped by Marek Mazanek with a rebound.
5:05 of 3rd period - Wrist shot by Boone Jenner.
5:05 of 3rd period - Stopped by Marek Mazanek with a rebound.
5:09 of 3rd period - Slapshot by Stefan Elliott.
5:09 of 3rd period - Deflect By Boone Jenner.
5:09 of 3rd period - Shot Blocked by Kyle Turris.
5:09 of 3rd period - Puck is out of play.
5:10 of 3rd period - Martin Frk wins face-off versus David Laliberté in Sewer Rats zone.
6:28 of 3rd period - Penalty to Ville Leino is over, Ville Leino is back on ice.
6:41 of 3rd period - Snap shot by Garret Ross.
6:41 of 3rd period - Stopped by Marek Mazanek with a rebound.
6:43 of 3rd period - Snap shot by Miikka Salomaki.
6:43 of 3rd period - Stopped by Marek Mazanek with a rebound.
6:45 of 3rd period - Slapshot by Stefan Elliott.
6:45 of 3rd period - Shot Misses the Net.
6:57 of 3rd period - Madison Bowey is hit by Joel Edmundson and loses puck.
7:02 of 3rd period - Slapshot by Nick Cousins.
7:02 of 3rd period - Stopped by Kristers Gudlevskis with a rebound.
7:04 of 3rd period - Snap shot by Dmitrij Jaskin.
7:04 of 3rd period - Goal by Dmitrij Jaskin - Punishers : 3 - Sewer Rats : 3.
7:05 of 3rd period - Jonathan Marchessault wins face-off versus Boone Jenner in neutral zone.
7:12 of 3rd period - Wrist shot by Jonathan Huberdeau.
7:12 of 3rd period - Stopped by Kristers Gudlevskis with a rebound.
7:14 of 3rd period - Snap shot by Jonathan Huberdeau.
7:14 of 3rd period - Stopped by Kristers Gudlevskis with a rebound.
7:16 of 3rd period - Snap shot by Erik Condra.
7:16 of 3rd period - Shot Blocked by Jordan Schmaltz.
7:18 of 3rd period - Slapshot by Matt Lashoff.
7:18 of 3rd period - Shot Blocked by Jordan Schmaltz.
7:30 of 3rd period - Zack Hamill is hit by Ville Leino and loses puck.
8:03 of 3rd period - Mark Jankowski is hit by Daniel Carr.
8:25 of 3rd period - Slapshot by Stefan Elliott.
8:25 of 3rd period - Stopped by Marek Mazanek without a rebound.
8:26 of 3rd period - Jonathan Marchessault wins face-off versus Boone Jenner in Sewer Rats zone.
8:26 of 3rd period - Jonathan Marchessault is hit by Patrick Wiercioch.
8:38 of 3rd period - Snap shot by Jonathan Marchessault.
8:38 of 3rd period - Shot Misses the Net.
8:40 of 3rd period - Slapshot by Steven Kampfer.
8:40 of 3rd period - Deflect By Jonathan Huberdeau.
8:40 of 3rd period - Shot Misses the Net.
8:40 of 3rd period - Puck is out of play.
8:41 of 3rd period - Zack Hamill wins face-off versus Kyle Turris in Punishers zone.
9:08 of 3rd period - Jonathan Huberdeau is hit by Tyler Bertuzzi and loses puck.
9:27 of 3rd period - Tyler Bertuzzi is hit by Anthony Duclair and loses puck.
9:47 of 3rd period - Off-side.
9:48 of 3rd period - Ville Leino wins face-off versus Zack Hamill in neutral zone.
10:50 of 3rd period - Snap shot by Dmitrij Jaskin.
10:50 of 3rd period - Stopped by Kristers Gudlevskis without a rebound.
10:51 of 3rd period - Nick Cousins wins face-off versus Zack Hamill in Punishers zone.
12:22 of 3rd period - Wrist shot by Zack Hamill.
12:22 of 3rd period - Stopped by Marek Mazanek with a rebound.
12:48 of 3rd period - Nick Cousins is hit by Madison Bowey and loses puck.
13:00 of 3rd period - Minor Penalty to Colton Gillies for Slashing.
13:01 of 3rd period - Mark Mancari wins face-off versus Radek Faksa in Punishers zone.
13:09 of 3rd period - Wrist shot by Ville Leino.
13:09 of 3rd period - Deflect By Mark Mancari.
13:09 of 3rd period - Stopped by Kristers Gudlevskis with a rebound.
13:11 of 3rd period - Slapshot by Matt Lashoff.
13:11 of 3rd period - Stopped by Kristers Gudlevskis with a rebound.
13:13 of 3rd period - Slapshot by Matt Lashoff.
13:13 of 3rd period - Shot Blocked by Carter Ashton.
13:15 of 3rd period - Wrist shot by Mark Mancari.
13:15 of 3rd period - Stopped by Kristers Gudlevskis with a rebound.
13:17 of 3rd period - Slapshot by Matt Lashoff.
13:17 of 3rd period - Stopped by Kristers Gudlevskis without a rebound.
13:18 of 3rd period - Jonathan Marchessault wins face-off versus Radek Faksa in Punishers zone.
13:19 of 3rd period - Wrist shot by Jonathan Huberdeau.
13:19 of 3rd period - Shot Misses the Net.
13:21 of 3rd period - Snap shot by Jonathan Huberdeau.
13:21 of 3rd period - Stopped by Kristers Gudlevskis without a rebound.
13:22 of 3rd period - Radek Faksa wins face-off versus Jonathan Marchessault in Punishers zone.
13:35 of 3rd period - Slapshot by Matt Lashoff.
13:35 of 3rd period - Stopped by Kristers Gudlevskis without a rebound.
13:36 of 3rd period - Radek Faksa wins face-off versus Kyle Turris in Punishers zone.
13:45 of 3rd period - Slapshot by Stefan Elliott.
13:45 of 3rd period - Stopped by Marek Mazanek with a rebound.
13:50 of 3rd period - Off-side.
13:51 of 3rd period - Kyle Turris wins face-off versus Radek Faksa in neutral zone.
15:00 of 3rd period - Penalty to Colton Gillies is over, Colton Gillies is back on ice.
15:20 of 3rd period - Wrist shot by Boone Jenner.
15:20 of 3rd period - Stopped by Marek Mazanek with a rebound.
15:22 of 3rd period - Slapshot by Jordan Schmaltz.
15:22 of 3rd period - Stopped by Marek Mazanek with a rebound.
16:51 of 3rd period - Colton Gillies is hit by Jonathan Huberdeau and loses puck.
Goals for this period are 1 for Punishers vs 1 for Sewer Rats.
Shots for this period are 14 for Punishers vs 15 for Sewer Rats.
Overtime #1
0:01 of 1st overtime period - Ville Leino wins face-off versus Zack Hamill in neutral zone.
0:08 of 1st overtime period - Off-side.
0:09 of 1st overtime period - Ville Leino wins face-off versus Zack Hamill in neutral zone.
0:33 of 1st overtime period - Snap shot by Mattias Tedenby.
0:33 of 1st overtime period - Stopped by Marek Mazanek without a rebound.
0:34 of 1st overtime period - Ville Leino wins face-off versus Zack Hamill in Sewer Rats zone.
0:34 of 1st overtime period - Ville Leino is hit by Zack Hamill.
0:39 of 1st overtime period - Off-side.
0:40 of 1st overtime period - Ville Leino wins face-off versus Zack Hamill in neutral zone.
1:20 of 1st overtime period - Wrist shot by Mark Mancari.
1:20 of 1st overtime period - Stopped by Kristers Gudlevskis with a rebound.
2:18 of 1st overtime period - Erik Condra is hit by Garret Ross.
2:36 of 1st overtime period - Kyle Turris is hit by Tyler Bertuzzi and loses puck.
3:13 of 1st overtime period - Snap shot by Mark Mancari.
3:13 of 1st overtime period - Shot Misses the Net.
4:32 of 1st overtime period - Icing by Steven Kampfer.
4:33 of 1st overtime period - Radek Faksa wins face-off versus William Karlsson in Sewer Rats zone.
4:57 of 1st overtime period - Slapshot by William Karlsson.
4:57 of 1st overtime period - Stopped by Kristers Gudlevskis with a rebound.
4:59 of 1st overtime period - Backhand shot by William Karlsson.
4:59 of 1st overtime period - Shot Misses the Net.
Goals for this period are 0 for Punishers vs 0 for Sewer Rats.
Shots for this period are 1 for Punishers vs 2 for Sewer Rats.
ShootOut
5:00 of 1st overtime period - Penalty Shot by Mattias Tedenby for Punishers.
5:00 of 1st overtime period - Backhand shot by Mattias Tedenby.
5:00 of 1st overtime period - Stopped by Marek Mazanek.
5:00 of 1st overtime period - Penalty Shot by Ville Leino for Sewer Rats.
5:00 of 1st overtime period - Snap shot by Ville Leino.
5:00 of 1st overtime period - Goal by Ville Leino.
5:00 of 1st overtime period - Penalty Shot by Boone Jenner for Punishers.
5:00 of 1st overtime period - Snap shot by Boone Jenner.
5:00 of 1st overtime period - Stopped by Marek Mazanek.
5:00 of 1st overtime period - Penalty Shot by Kyle Turris for Sewer Rats.
5:00 of 1st overtime period - Snap shot by Kyle Turris.
5:00 of 1st overtime period - Shot Misses the Net.
5:00 of 1st overtime period - Penalty Shot by Zack Hamill for Punishers.
5:00 of 1st overtime period - Wrist shot by Zack Hamill.
5:00 of 1st overtime period - Shot Misses the Net.
Back to the Top